[Event "Swedish Championship U20 2022"]
[Site "Uppsala"]
[Date "2022.07.08"]
[Round "7.4"]
[White "Ostlund, Joar"]
[Black "Olsson, William"]
[Result "1/2-1/2"]
[ECO "D43"]
[WhiteElo "2222"]
[BlackElo "2284"]
[Annotator "RC"]
[PlyCount "76"]
[EventDate "2022.07.01"]
[EventType "tourn"]
[EventCountry "SWE"]
[SourceTitle "playchess.com"]
[Source "ChessBase"]
[SourceQuality "1"]
[TimeControl "40/5400+30:1800+30"]

1. d4 d5 2. c4 c6 3. Nf3 Nf6 4. Nc3 e6 5. Bg5 h6 6. Bxf6 Qxf6 7. e3 Nd7 8. Bd3 dxc4 9. Bxc4 Bd6 10. O-O Qe7 11. Qc2 O-O 12. Rfd1 Bc7 13. Bb3 Nb6 14. Rac1 Rd8 15. e4 Bd7 16. e5 Nd5 17. Bxd5 exd5 18. Nxd5 cxd5 19. Qxc7 Qe6 20. Qa5 Qg4 21. Qb4 b6 22. h3 Qg6 23. Kh2 Rdc8 24. Qe7 Qf5 25. Kg1 Rc2 26. Rxc2 Qxc2 27. Rd2 Qc6 28. Qa3 Rc8 29. Qb3 Bf5 30. Ne1 Qd7 31. Nd3 Rc4 32. Nf4 Qc6 33. Kh2 a5 34. Qf3 Be4 35. Qg4 Kh7 36. e6 fxe6 37. Nxe6 Qd6+ 38. g3 g6 1/2-1/2

[Event "Swedish Championship U20 2022"]
[Site "Uppsala"]
[Date "2022.07.08"]
[Round "7.5"]
[White "Wernberg, Hugo"]
[Black "Falkevall, Axel"]
[Result "1/2-1/2"]
[ECO "E73"]
[WhiteElo "2316"]
[BlackElo "2275"]
[Annotator "RC"]
[PlyCount "46"]
[EventDate "2022.07.01"]
[EventType "tourn"]
[EventCountry "SWE"]
[SourceTitle "playchess.com"]
[Source "ChessBase"]
[SourceQuality "1"]
[TimeControl "40/5400+30:1800+30"]

1. c4 Nf6 2. Nc3 g6 3. e4 d6 4. d4 Bg7 5. Be2 O-O 6. Be3 e5 7. d5 Na6 8. g4 Nc5 9. f3 h5 10. g5 Nh7 11. h4 f6 12. Qd2 fxg5 13. hxg5 Rf4 14. Bxf4 exf4 15. Qxf4 Nxg5 16. O-O-O Be5 17. Qe3 Qf6 18. Kc2 a5 19. Bf1 Bd7 20. Bg2 Bf4 21. Qf2 Be5 22. Qe3 Bf4 23. Qf2 Be5 1/2-1/2

[Event "Swedish Championship U20 2022"]
[Site "Uppsala"]
[Date "2022.07.09"]
[Round "8.1"]
[White "Falkevall, Axel"]
[Black "Olsson, William"]
[Result "1/2-1/2"]
[ECO "B22"]
[WhiteElo "2275"]
[BlackElo "2284"]
[Annotator "RC"]
[PlyCount "128"]
[EventDate "2022.07.01"]
[EventType "tourn"]
[EventCountry "SWE"]
[SourceTitle "playchess.com"]
[Source "ChessBase"]
[SourceQuality "1"]
[TimeControl "40/5400+30:1800+30"]

1. e4 c5 2. c3 Nf6 3. e5 Nd5 4. d4 cxd4 5. Nf3 e6 6. cxd4 d6 7. Bc4 Nc6 8. O-O Be7 9. Qe2 O-O 10. Qe4 Ndb4 11. exd6 Qxd6 12. Nc3 Na5 13. Be2 Nd5 14. Bd3 f5 15. Qe2 a6 16. Re1 b5 17. Nxd5 Qxd5 18. Bf4 Bd7 19. Rad1 Rae8 20. Ne5 Bf6 21. Nxd7 Qxd7 22. Be5 Nc6 23. Bc2 Nb4 24. Bb3 Nd5 25. Rc1 Bg5 26. Rcd1 Rc8 27. Rd3 Bf6 28. h3 Rc6 29. Qf3 Be7 30. Qh5 Rf7 31. Red1 Bf6 32. Qf3 Rf8 33. a3 Be7 34. Qe2 Bf6 35. Re1 Be7 36. Qf3 Rd8 37. Qh5 Rf8 38. Kh2 Bf6 39. Qf3 Be7 40. Kg1 Bg5 41. Qh5 Bf6 42. Rd2 Be7 43. Rde2 Rd8 44. Qf3 Bf8 45. Kh1 Qf7 46. Rg1 Rdc8 47. Rd2 Rc1 48. Rxc1 Rxc1+ 49. Kh2 a5 50. Rc2 Rxc2 51. Bxc2 g6 52. Qe2 Qd7 53. Bb3 Bg7 54. Bxg7 Kxg7 55. Qe5+ Kf7 56. Bxd5 Qxd5 57. Qc7+ Kg8 58. Qb8+ Kg7 59. Qa7+ Kh6 60. Qxa5 Qxd4 61. Qxb5 Qxf2 62. Qe5 f4 63. Qxe6 Qxb2 64. Qe4 Qxa3 1/2-1/2

[Event "Swedish Championship U20 2022"]
[Site "Uppsala"]
[Date "2022.07.09"]
[Round "8.2"]
[White "Torngren, Gustav"]
[Black "Seo, Jung Hyun"]
[Result "1/2-1/2"]
[ECO "D30"]
[WhiteElo "2273"]
[BlackElo "2102"]
[Annotator "RC"]
[PlyCount "54"]
[EventDate "2022.07.01"]
[EventType "tourn"]
[EventCountry "SWE"]
[SourceTitle "playchess.com"]
[Source "ChessBase"]
[SourceQuality "1"]
[TimeControl "40/5400+30:1800+30"]

1. c4 e6 2. Nf3 d5 3. d4 Nf6 4. Bg5 Be7 5. e3 Nbd7 6. Nbd2 h6 7. Bf4 c5 8. dxc5 Nxc5 9. Be2 b6 10. O-O O-O 11. Rc1 a5 12. Nd4 Ba6 13. Nc6 Qe8 14. Nxe7+ Qxe7 15. cxd5 Nxd5 16. Bg3 Nb4 17. Bxa6 Rxa6 18. Qe2 Rd8 19. Nb3 Nxb3 20. axb3 Ra7 21. Qb5 Rd5 22. Rc8+ Kh7 23. Qc4 Rc5 24. Rxc5 Qxc5 25. Qxc5 bxc5 26. Rc1 Rd7 27. Kf1 Rd3 1/2-1/2

[Event "Swedish Championship U20 2022"]
[Site "Uppsala"]
[Date "2022.07.09"]
[Round "8.3"]
[White "Soderstrom, Adrian"]
[Black "Ostlund, Joar"]
[Result "1/2-1/2"]
[ECO "D37"]
[WhiteElo "2292"]
[BlackElo "2222"]
[Annotator "RC"]
[PlyCount "81"]
[EventDate "2022.07.01"]
[EventType "tourn"]
[EventCountry "SWE"]
[SourceTitle "playchess.com"]
[Source "ChessBase"]
[SourceQuality "1"]
[TimeControl "40/5400+30:1800+30"]

1. d4 Nf6 2. Nf3 d5 3. c4 e6 4. Nc3 Be7 5. Bf4 O-O 6. e3 Nbd7 7. c5 Nh5 8. Be5 f6 9. Bg3 c6 10. Bd3 g6 11. b4 b6 12. O-O Nxg3 13. hxg3 a5 14. a3 Ba6 15. e4 Bxd3 16. Qxd3 Qc7 17. exd5 exd5 18. Rae1 Rfe8 19. Re3 axb4 20. axb4 bxc5 21. bxc5 f5 22. Re6 Nf8 23. Re3 Nd7 24. g4 fxg4 25. Nh2 Nf6 26. Rfe1 Qd7 27. Re5 Bf8 28. g3 Bg7 29. Qd2 Qf7 30. Qe2 h5 31. Qe3 Ne4 32. Rxe8+ Rxe8 33. Nf1 Kf8 34. Ne2 Kg8 35. Nf4 Rf8 36. Nd2 g5 37. Nd3 Bxd4 38. Qxd4 Nxd2 39. Ne5 Nf3+ 40. Nxf3 gxf3 41. Re5 1/2-1/2

[Event "Swedish Championship U20 2022"]
[Site "Uppsala"]
[Date "2022.07.09"]
[Round "8.4"]
[White "Wernberg, Hugo"]
[Black "Nord, Alexander"]
[Result "1-0"]
[ECO "A28"]
[WhiteElo "2316"]
[BlackElo "2200"]
[Annotator "RC"]
[PlyCount "95"]
[EventDate "2022.07.01"]
[EventType "tourn"]
[EventCountry "SWE"]
[SourceTitle "playchess.com"]
[Source "ChessBase"]
[SourceQuality "1"]
[TimeControl "40/5400+30:1800+30"]

1. c4 e5 2. Nc3 Nf6 3. Nf3 Nc6 4. e4 Bb4 5. d3 d6 6. a3 Bc5 7. b4 Bd4 8. Nxd4 Nxd4 9. Be2 a5 10. b5 c6 11. O-O O-O 12. Rb1 Ne6 13. Be3 c5 14. Qd2 Nd4 15. h3 Be6 16. f4 Nxe2+ 17. Nxe2 exf4 18. Bxf4 Qc7 19. Rbc1 Nd7 20. d4 f6 21. Rfd1 Rfd8 22. Qe3 Nf8 23. Bg3 Bf7 24. Kh2 Ng6 25. Nf4 Nxf4 26. Bxf4 Rac8 27. Qg3 Qe7 28. e5 dxe5 29. dxe5 Rxd1 30. exf6 Qxf6 31. Rxd1 Be6 32. Rd6 Qf7 33. a4 Re8 34. Bd2 Bxc4 35. Bxa5 Bb3 36. Qg4 Be6 37. Qg5 Qe7 38. Qxc5 Bf7 39. Qd4 Qe4 40. Bc3 Qxd4 41. Bxd4 Be6 42. a5 Kf7 43. a6 bxa6 44. bxa6 g5 45. a7 Rc8 46. Rc6 Re8 47. Rc7+ Kg6 48. Re7 1-0

[Event "Swedish Championship U20 2022"]
[Site "Uppsala"]
[Date "2022.07.10"]
[Round "9.1"]
[White "Olsson, William"]
[Black "Soderstrom, Adrian"]
[Result "1-0"]
[ECO "D45"]
[WhiteElo "2284"]
[BlackElo "2292"]
[Annotator "RC"]
[PlyCount "51"]
[EventDate "2022.07.01"]
[EventType "tourn"]
[EventCountry "SWE"]
[SourceTitle "playchess.com"]
[Source "ChessBase"]
[SourceQuality "1"]
[TimeControl "40/5400+30:1800+30"]

1. c4 e6 2. Nc3 d5 3. d4 c6 4. e3 Nf6 5. Nf3 Nbd7 6. Qc2 Bd6 7. b3 O-O 8. Be2 b6 9. O-O Bb7 10. e4 dxe4 11. Nxe4 Nxe4 12. Qxe4 Nf6 13. Qh4 c5 14. dxc5 Bxc5 15. Bb2 h6 16. Rab1 Qe7 17. b4 Bd6 18. c5 bxc5 19. bxc5 Bxc5 20. Bxf6 gxf6 21. Qxh6 Be4 22. Rb3 Bd5 23. Ng5 fxg5 24. Rh3 f5 25. Qh8+ Kf7 26. Bh5# 1-0

[Event "Swedish Championship U20 2022"]
[Site "Uppsala"]
[Date "2022.07.10"]
[Round "9.2"]
[White "Nord, Alexander"]
[Black "Falkevall, Axel"]
[Result "1/2-1/2"]
[ECO "E65"]
[WhiteElo "2200"]
[BlackElo "2275"]
[Annotator "RC"]
[PlyCount "103"]
[EventDate "2022.07.01"]
[EventType "tourn"]
[EventCountry "SWE"]
[SourceTitle "playchess.com"]
[Source "ChessBase"]
[SourceQuality "1"]
[TimeControl "40/5400+30:1800+30"]

1. d4 Nf6 2. Nf3 g6 3. g3 Bg7 4. Bg2 c5 5. c4 O-O 6. O-O d6 7. Nc3 Nc6 8. e3 Rb8 9. b3 Bf5 10. Bb2 Qc8 11. Qe2 Bh3 12. Rfe1 Bxg2 13. Kxg2 Nd7 14. d5 Nce5 15. Nxe5 Nxe5 16. f4 Nd7 17. Nb5 a6 18. Bxg7 Kxg7 19. Nc3 Re8 20. a4 Nf6 21. e4 e5 22. dxe6 Rxe6 23. Qf3 Qe8 24. Rad1 h5 25. Re2 Rd8 26. Rde1 Rd7 27. h3 Qd8 28. g4 hxg4 29. hxg4 Re8 30. Rh1 Rh8 31. Ree1 Rxh1 32. Rxh1 Qa5 33. Qh3 Ng8 34. g5 Re7 35. Qd3 Rd7 36. Nd5 Rd8 37. Qc2 f6 38. gxf6+ Nxf6 39. Nxf6 Kxf6 40. Qb2+ Ke6 41. Qe2 Kd7 42. Qe1 Qxe1 43. Rxe1 Rb8 44. Kg3 b5 45. axb5 axb5 46. cxb5 Rxb5 47. Re3 Ke6 48. Kg4 Rb4 49. Kg5 Kf7 50. Rd3 Rxe4 51. Rxd6 Re3 52. Rf6+ 1/2-1/2

[Event "Swedish Championship U20 2022"]
[Site "Uppsala"]
[Date "2022.07.10"]
[Round "9.3"]
[White "Seo, Jung Hyun"]
[Black "Wernberg, Hugo"]
[Result "1/2-1/2"]
[ECO "C45"]
[WhiteElo "2102"]
[BlackElo "2316"]
[Annotator "RC"]
[PlyCount "97"]
[EventDate "2022.07.01"]
[EventType "tourn"]
[EventCountry "SWE"]
[SourceTitle "playchess.com"]
[Source "ChessBase"]
[SourceQuality "1"]
[TimeControl "40/5400+30:1800+30"]

1. e4 e5 2. Nf3 Nc6 3. d4 exd4 4. Nxd4 Nf6 5. Nxc6 bxc6 6. e5 Qe7 7. Qe2 Nd5 8. c4 Nb6 9. Nc3 Ba6 10. Qe4 g6 11. f4 Bg7 12. Bd2 O-O 13. O-O-O Rad8 14. h4 d5 15. Qf3 Bxc4 16. Kb1 Bxf1 17. Rdxf1 Nc4 18. Bc1 Rb8 19. Rf2 f6 20. h5 fxe5 21. hxg6 h6 22. Nxd5 Qe6 23. Nc3 exf4 24. Re2 Qf6 25. Ka1 Qxg6 26. Qe4 Qxe4 27. Rxe4 Ne3 28. Bxe3 fxe3 29. Rxe3 Rf2 30. Nd1 Rxg2 31. Re7 h5 32. Rxh5 Rg1 33. Rd7 Bxb2+ 34. Kb1 Bf6+ 35. Kc2 Rg2+ 36. Rd2 Rg3 37. Ra5 Rb7 38. Rf5 Bg7 39. Rd3 Rg2+ 40. Rd2 Rg4 41. Rd8+ Kh7 42. Rd7 Rbb4 43. Rff7 Rbc4+ 44. Kd3 Rgd4+ 45. Rxd4 Rxd4+ 46. Kc2 Rc4+ 47. Kd3 Rc1 48. Ne3 Kg6 49. Rxc7 1/2-1/2

[Event "Swedish Championship U20 2022"]
[Site "Uppsala"]
[Date "2022.07.10"]
[Round "9.4"]
[White "Rasti, Arvin"]
[Black "Torngren, Gustav"]
[Result "0-1"]
[ECO "B12"]
[WhiteElo "2136"]
[BlackElo "2273"]
[Annotator "RC"]
[PlyCount "96"]
[EventDate "2022.07.01"]
[EventType "tourn"]
[EventCountry "SWE"]
[SourceTitle "playchess.com"]
[Source "ChessBase"]
[SourceQuality "1"]
[TimeControl "40/5400+30:1800+30"]

1. e4 c6 2. d4 d5 3. e5 Bf5 4. h4 Qb6 5. Bd3 Bxd3 6. Qxd3 e6 7. Ne2 c5 8. c3 Nc6 9. a3 c4 10. Qc2 Nge7 11. h5 h6 12. Nd2 Na5 13. Rb1 Nb3 14. Nf3 Qc6 15. Nh4 Qa4 16. Qd1 Nc8 17. f4 Be7 18. Nf3 Nb6 19. Be3 O-O-O 20. g4 Rdf8 21. Ng3 Kb8 22. f5 Ka8 23. O-O Qd7 24. Qc2 Bd8 25. Rbe1 a6 26. Kg2 Rhg8 27. Ne2 exf5 28. Qxf5 Qc6 29. Nf4 Nc8 30. e6 Ne7 31. Qc2 Bc7 32. exf7 Rxf7 33. Ng1 Qd7 34. Qe2 g6 35. hxg6 Nxg6 36. Nxg6 Rxg6 37. Rxf7 Rxg4+ 38. Qxg4 Qxg4+ 39. Kf1 Bg3 40. Re2 h5 41. Bf2 h4 42. Bxg3 Qxg3 43. Rf3 Qg5 44. Rf8+ Ka7 45. Nf3 Qg7 46. Ree8 h3 47. Rg8 Qh7 48. Rh8 Qb1+ 0-1

[Event "Swedish Championship U20 2022"]
[Site "Uppsala"]
[Date "2022.07.10"]
[Round "9.5"]
[White "Ostlund, Joar"]
[Black "Grahn, Vidar"]
[Result "1-0"]
[ECO "D52"]
[WhiteElo "2222"]
[BlackElo "2003"]
[Annotator "RC"]
[PlyCount "67"]
[EventDate "2022.07.01"]
[EventType "tourn"]
[EventCountry "SWE"]
[SourceTitle "playchess.com"]
[Source "ChessBase"]
[SourceQuality "1"]
[TimeControl "40/5400+30:1800+30"]

1. d4 d5 2. Nf3 Nf6 3. c4 c6 4. Nc3 e6 5. Bg5 Nbd7 6. e3 Qa5 7. Nd2 dxc4 8. Bxf6 Nxf6 9. Nxc4 Qc7 10. Be2 Bd6 11. Rc1 O-O 12. Bf3 Re8 13. h3 e5 14. d5 cxd5 15. Bxd5 Bb4 16. O-O Rd8 17. e4 Bxc3 18. Rxc3 Nxe4 19. Rd3 Bf5 20. Qf3 Rxd5 21. Rxd5 Qxc4 22. Rfd1 g6 23. Rxe5 Nc5 24. Qe3 Nd3 25. Rxf5 gxf5 26. Rxd3 Qc6 27. Qe5 Qc1+ 28. Kh2 f4 29. Qg5+ Kf8 30. Qf6 Qc4 31. Rd4 Qe6 32. Qh8+ Ke7 33. Qxa8 f3 34. Qd8# 1-0